[ AOE2 MATCH · #513595274 ]
UnrankedCelts vs Huns
Player's team · LOSS
Rival team · WIN
[ REPLAY ANALYSIS · EXTRACTED FROM THE RECORDED GAME ]
Feudal
13:06
Castle
—
Imperial
—
| APM avg | 26.4 |
| APM peak | 75 |
| eAPM avg | 10.7 |
| Villagers / military | 50 / 34 |
Focus
⚔️ 27.1% · 🌾 72.9%
Militia ×34
Feudal
9:43
Castle
32:13
Imperial
—
| APM avg | 31.9 |
| APM peak | 52 |
| eAPM avg | 14.9 |
| Villagers / military | 71 / 35 |
Focus
⚔️ 28.5% · 🌾 71.5%
Archer ×27 · Militia ×4 · Skirmisher ×4
Match map
Initial resources + every placement click. Lines = walls · curves = elevation contours. ◆ gold · ⬟ stone · ● berries · ✦ relic · ◌ wall gap
Your base· Open — unwalled flank
Iman Power's base· Open — unwalled flank
Smoothed initial terrain · ◌ = detected wall gap · hover for details
Inputs per minute
— albaevaarina0 - - Iman Power
Build order — albaevaarina0
131 actions detected in the replay
| 0:02 | Build | House |
| 0:04 | Build | House |
| 0:04 | queue | Villager (Male) |
| 0:05 | queue | Villager (Male) |
| 0:05 | queue | Villager (Male) |
| 0:05 | queue | Villager (Male) |
| 0:05 | queue | Villager (Male) |
| 1:22 | queue | Villager (Male) |
| 1:45 | queue | Villager (Male) |
| 2:12 | queue | Villager (Male) |
| 2:50 | queue | Villager (Male) |
| 3:04 | Build | House |
| 3:07 | queue | Villager (Male) |
| 3:47 | queue | Villager (Male) |
| 4:13 | Build | Barracks |
| 4:24 | queue | Villager (Male) |
| 4:46 | queue | Villager (Male) |
| 5:00 | Build | Lumber Camp |
| 5:22 | queue | Militia |
| 5:25 | Build | House |
| 5:46 | queue | Villager (Male) |
| 6:12 | queue | Militia |
| 6:13 | queue | Militia |
| 6:13 | queue | Militia |
| 6:29 | Build | Mining Camp |
| 6:38 | queue | Villager (Male) |
| 6:39 | queue | Villager (Male) |
| 7:20 | Build | House |
| 7:48 | queue | Villager (Male) |
| 7:48 | queue | Villager (Male) |
| 8:52 | Build | Mining Camp |
| 8:55 | Research | Loom |
| 9:14 | queue | Militia |
| 9:14 | queue | Militia |
| 10:56 | Research | Feudal Age |
| 11:02 | Build | House |
| 11:09 | Build | Mill |
| 11:37 | queue | Militia |
| 13:06 | Age | Feudal Age |
| 13:16 | Build | Watch Tower |
| 13:25 | queue | Militia |
| 13:32 | Research | Man-at-Arms (upgrade) |
| 13:38 | Build | Barracks |
| 13:47 | Build | Barracks |
| 14:17 | queue | Militia |
| 14:18 | queue | Militia |
| 14:18 | queue | Militia |
| 14:18 | queue | Militia |
| 15:12 | queue | Militia |
| 15:12 | queue | Militia |
| 15:15 | Build | House |
| 15:22 | queue | Villager (Male) |
| 15:23 | queue | Villager (Male) |
| 15:26 | Build | Mill |
| 15:31 | Build | Blacksmith |
| 15:35 | Build | Market |
| 16:08 | Build | Watch Tower |
| 17:04 | Build | House |
| 17:06 | Build | House |
| 17:08 | Build | House |
| 17:09 | Build | House |
| 17:16 | queue | Militia |
| 17:16 | queue | Militia |
| 17:18 | queue | Militia |
| 17:48 | queue | Villager (Male) |
| 17:56 | Build | Farm |
| 17:58 | Build | Farm |
| 17:59 | Build | Farm |
| 18:39 | queue | Militia |
| 18:40 | queue | Militia |
| 18:40 | queue | Militia |
| 18:40 | queue | Militia |
| 18:46 | Build | Farm |
| 19:38 | queue | Villager (Male) |
| 19:39 | queue | Villager (Male) |
| 19:39 | queue | Villager (Male) |
| 19:39 | queue | Villager (Male) |
| 19:43 | Build | Farm |
| 19:44 | Build | Farm |
| 19:46 | Build | Farm |
| 19:49 | Build | Farm |
| 20:07 | Build | Watch Tower |
| 21:52 | queue | Militia |
| 21:53 | queue | Militia |
| 21:53 | queue | Militia |
| 22:07 | Build | Farm |
| 22:08 | Build | Farm |
| 22:14 | queue | Villager (Male) |
| 22:15 | queue | Villager (Male) |
| 22:15 | queue | Villager (Male) |
| 23:45 | queue | Militia |
| 23:45 | queue | Militia |
| 23:45 | queue | Militia |
| 23:46 | queue | Militia |
| 23:46 | queue | Militia |
| 24:30 | Build | Farm |
| 24:31 | Build | Farm |
| 24:34 | Build | Farm |
| 25:12 | Build | Watch Tower |
| 26:12 | queue | Villager (Male) |
| 26:12 | queue | Villager (Male) |
| 26:13 | queue | Villager (Male) |
| 26:13 | queue | Villager (Male) |
| 26:13 | queue | Villager (Male) |
| 26:14 | queue | Villager (Male) |
| 27:04 | Build | Lumber Camp |
| 27:12 | queue | Villager (Male) |
| 27:13 | queue | Villager (Male) |
| 27:13 | queue | Villager (Male) |
| 27:13 | queue | Villager (Male) |
| 27:13 | queue | Villager (Male) |
| 27:46 | Build | Watch Tower |
| 27:49 | queue | Villager (Male) |
| 27:50 | queue | Villager (Male) |
| 27:50 | queue | Villager (Male) |
| 27:57 | Build | Lumber Camp |
| 28:52 | queue | Militia |
| 28:52 | queue | Militia |
| 28:52 | queue | Militia |
| 28:53 | queue | Militia |
| 28:53 | queue | Militia |
| 29:31 | Build | Watch Tower |
| 30:14 | Build | Farm |
| 31:03 | queue | Villager (Male) |
| 31:03 | queue | Villager (Male) |
| 31:04 | queue | Villager (Male) |
| 31:04 | queue | Villager (Male) |
| 31:04 | queue | Villager (Male) |
| 31:33 | queue | Villager (Male) |
| 31:33 | queue | Villager (Male) |
| 31:33 | queue | Villager (Male) |
Build order — Iman Power
First 150 of 171 actions detected
| 0:01 | queue | Villager (Male) |
| 0:02 | queue | Villager (Male) |
| 0:02 | queue | Villager (Male) |
| 0:25 | queue | Villager (Male) |
| 1:37 | queue | Villager (Male) |
| 1:47 | queue | Villager (Male) |
| 2:23 | Build | Lumber Camp |
| 2:26 | queue | Villager (Male) |
| 2:52 | queue | Villager (Male) |
| 3:07 | queue | Villager (Male) |
| 3:31 | queue | Villager (Male) |
| 4:09 | queue | Villager (Male) |
| 4:34 | Research | Loom |
| 4:38 | queue | Villager (Male) |
| 5:00 | queue | Villager (Male) |
| 5:00 | queue | Villager (Male) |
| 5:01 | queue | Villager (Male) |
| 5:51 | queue | Villager (Male) |
| 6:02 | Build | Mill |
| 6:07 | queue | Villager (Male) |
| 6:28 | queue | Villager (Male) |
| 6:54 | Research | Loom |
| 7:31 | Research | Feudal Age |
| 8:02 | Build | Mining Camp |
| 8:37 | Build | Palisade Wall |
| 8:57 | Build | Palisade Wall |
| 8:59 | Build | Palisade Wall |
| 9:01 | Build | Palisade Wall |
| 9:03 | Build | Palisade Wall |
| 9:05 | Build | Palisade Wall |
| 9:08 | Build | Palisade Wall |
| 9:34 | Build | Palisade Wall |
| 9:36 | Build | Palisade Wall |
| 9:43 | Age | Feudal Age |
| 9:44 | Build | Palisade Wall |
| 9:46 | Build | Palisade Wall |
| 9:51 | Build | Palisade Wall |
| 9:56 | queue | Villager (Male) |
| 9:56 | queue | Villager (Male) |
| 9:57 | queue | Villager (Male) |
| 9:57 | queue | Villager (Male) |
| 10:03 | Build | Barracks |
| 10:22 | Build | Mining Camp |
| 10:53 | queue | Villager (Male) |
| 10:57 | Build | Archery Range |
| 10:59 | queue | Militia |
| 11:17 | queue | Villager (Male) |
| 11:21 | queue | Militia |
| 11:50 | queue | Militia |
| 12:03 | queue | Villager (Male) |
| 12:05 | Build | Farm |
| 12:06 | Build | Farm |
| 12:23 | queue | Archer |
| 12:23 | queue | Archer |
| 12:26 | Build | Farm |
| 12:28 | queue | Militia |
| 12:31 | Build | Farm |
| 12:40 | queue | Villager (Male) |
| 12:45 | Build | Farm |
| 12:56 | Build | Farm |
| 13:03 | queue | Villager (Male) |
| 13:28 | Build | Palisade Wall |
| 13:35 | queue | Villager (Male) |
| 13:38 | Build | Farm |
| 13:47 | queue | Archer |
| 13:48 | queue | Archer |
| 13:56 | queue | Villager (Male) |
| 13:58 | queue | Archer |
| 14:33 | queue | Villager (Male) |
| 14:33 | queue | Villager (Male) |
| 14:49 | Build | Lumber Camp |
| 15:03 | queue | Villager (Male) |
| 15:22 | queue | Villager (Male) |
| 15:58 | queue | Archer |
| 15:58 | queue | Archer |
| 16:00 | queue | Villager (Male) |
| 16:19 | queue | Archer |
| 16:30 | queue | Villager (Male) |
| 16:32 | Build | Farm |
| 16:45 | Build | Mining Camp |
| 17:02 | queue | Villager (Male) |
| 17:07 | queue | Archer |
| 17:07 | queue | Archer |
| 17:16 | queue | Villager (Male) |
| 17:27 | queue | Archer |
| 17:29 | queue | Villager (Male) |
| 17:44 | queue | Archer |
| 17:51 | Build | Blacksmith |
| 18:19 | queue | Villager (Male) |
| 18:23 | queue | Villager (Male) |
| 18:32 | queue | Archer |
| 18:32 | queue | Archer |
| 18:39 | Build | Farm |
| 18:39 | Build | Farm |
| 18:40 | Build | Farm |
| 18:40 | Build | Farm |
| 18:56 | Research | Fletching |
| 18:57 | Research | Padded Archer Armor |
| 19:20 | Build | Farm |
| 19:20 | Build | Farm |
| 19:20 | Build | Farm |
| 19:28 | Build | Farm |
| 19:31 | Build | Farm |
| 19:40 | queue | Archer |
| 19:51 | queue | Villager (Male) |
| 19:51 | queue | Villager (Male) |
| 20:01 | Build | Watch Tower |
| 20:04 | queue | Villager (Male) |
| 20:17 | queue | Archer |
| 20:19 | Build | Farm |
| 20:46 | queue | Villager (Male) |
| 20:47 | queue | Villager (Male) |
| 20:53 | queue | Archer |
| 21:26 | queue | Villager (Male) |
| 22:22 | queue | Villager (Male) |
| 22:23 | queue | Villager (Male) |
| 22:53 | queue | Villager (Male) |
| 23:08 | Build | Mining Camp |
| 23:42 | queue | Villager (Male) |
| 23:42 | queue | Villager (Male) |
| 23:42 | queue | Villager (Male) |
| 24:24 | queue | Skirmisher |
| 24:25 | queue | Skirmisher |
| 24:25 | queue | Skirmisher |
| 24:48 | Build | Archery Range |
| 24:54 | queue | Villager (Male) |
| 25:14 | queue | Villager (Male) |
| 25:30 | queue | Villager (Male) |
| 25:48 | Build | Lumber Camp |
| 25:55 | queue | Skirmisher |
| 26:38 | queue | Villager (Male) |
| 26:39 | queue | Villager (Male) |
| 26:55 | queue | Archer |
| 27:04 | queue | Villager (Male) |
| 27:16 | queue | Villager (Male) |
| 27:31 | queue | Villager (Male) |
| 27:34 | Research | Double-Bit Axe |
| 27:40 | queue | Villager (Male) |
| 27:52 | queue | Villager (Male) |
| 28:29 | queue | Villager (Male) |
| 28:42 | queue | Archer |
| 28:43 | queue | Archer |
| 28:43 | queue | Archer |
| 28:43 | queue | Archer |
| 28:59 | Build | Market |
| 29:15 | queue | Villager (Male) |
| 29:32 | Research | Castle Age |
| 29:51 | queue | Archer |
| 30:52 | Build | Farm |
| 30:54 | Build | Farm |
Match timeline
| 4:13 | albaevaarina0 · first_building Barracks |
| 8:37 | Iman Power · wall_segment Palisade Wall x1 |
| 8:57 | Iman Power · wall_segment Palisade Wall x1 |
| 8:59 | Iman Power · wall_segment Palisade Wall x1 |
| 9:01 | Iman Power · wall_segment Palisade Wall x1 |
| 9:03 | Iman Power · wall_segment Palisade Wall x1 |
| 9:05 | Iman Power · wall_segment Palisade Wall x1 |
| 9:08 | Iman Power · wall_segment Palisade Wall x1 |
| 9:34 | Iman Power · wall_segment Palisade Wall x1 |
| 9:36 | Iman Power · wall_segment Palisade Wall x1 |
| 9:43 | Iman Power · age_up feudal |
| 9:44 | Iman Power · wall_segment Palisade Wall x1 |
| 9:46 | Iman Power · wall_segment Palisade Wall x1 |
| 9:51 | Iman Power · wall_segment Palisade Wall x1 |
| 10:03 | Iman Power · first_building Barracks |
| 10:57 | Iman Power · first_building Archery Range |
| 13:06 | albaevaarina0 · age_up feudal |
| 13:28 | Iman Power · wall_segment Palisade Wall x1 |
| 32:13 | Iman Power · age_up castle |
| 33:26 | albaevaarina0 · resign |
[ AI ANALYSIS · 1 CREDIT ]
What really happened in this match?
Wolo.gg analyzes every decision: build order, eco, micro, common mistakes by bracket. Personalized analysis on WhatsApp or Discord in 30 seconds.
Civ guide
Celts
Perfil
Jugador #21632431